 Dungeon Crawl Stone Soup version 0.31.0-9-g3a7656b989 (webtiles) character file.

Game seed: 875442824645809228

993 qw the Skirmisher (level 7, -5/36 HPs)
             Began as a Spriggan Hunter on Feb 2, 2024.
             Killed from afar by a white imp (8 damage)
             ... with a puff of frost
             ... on level 5 of the Dungeon.
             The game lasted 00:00:16 (2536 turns).

qw the Skirmisher (Spriggan Hunter)                 Turns: 2536, Time: 00:00:16

Health: -5/36      AC:  3    Str:  7    XL:     7   Next: 98%
Magic:  8/8        EV: 22    Int: 11    God:
Gold:   150        SH:  0    Dex: 20    Spells: 6/6 levels left

rFire   . . .        a - +4 shortbow
rCold   . . .        (shield currently unavailable)
rNeg    . . .        c - +0 robe
rPois   .            (helmet restricted)
rElec   .            j - +0 cloak
rCorr   .            (gloves unavailable)
SInv    +            (boots unavailable)
Will    ++...        d - amulet of faith
Stlth   ++           b - ring of willpower
HPRegen 0.26/turn    (no ring)
MPRegen 0.11/turn

%: faith
@: very quick
A: very small, no large weapons, unfitting armour, see invisible, speed 3
a: no special abilities


You were on level 5 of the Dungeon.
You visited 1 branch of the dungeon, and saw 5 of its levels.

You collected 150 gold pieces.


Innate Abilities, Weirdness & Mutations

You are very small and have problems with some larger weapons.
You are too small for most types of armour.
You have supernaturally acute eyesight. (SInv)
You cover ground extremely quickly. (Speed+++)


   Skills:
 - Level 3.1 Fighting
 - Level 8.0 Ranged Weapons
 + Level 7.2 Dodging
 - Level 1.5 Stealth


You had 6 spell levels left.
You didn't know any spells.
Your spell library was empty.

Inventory:

Hand Weapons
 a - a +4 shortbow (weapon)
Armour
 c - a +0 robe (worn)
 j - a +0 cloak (worn)
Jewellery
 b - a ring of willpower (left hand)
 d - an amulet of faith (around neck)
Wands
 o - a wand of roots (13)
Potions
 e - a potion of degeneration {unknown}
 f - 2 potions of berserk rage
 g - a potion of invisibility {unknown}
 h - 3 potions of curing {unknown}
 i - a potion of haste {unknown}
 l - a potion of enlightenment {unknown}
 n - 2 potions of magic {unknown}

Dungeon Overview and Level Annotations

Branches:
Dungeon (5/15)
 Temple: D:4-7

Altars:
Sif Muna


Message History

You shoot an arrow. The arrow hits the scorpion.
The scorpion is lightly wounded.
The scorpion completely misses you. The scorpion closely misses you.
You shoot an arrow. The arrow hits the scorpion!
The scorpion is heavily wounded.
The scorpion stings you.
You shoot an arrow.
The arrow hits the scorpion but does no damage.
The scorpion is heavily wounded.
The scorpion closely misses you.
You shoot an arrow. The arrow hits the scorpion.
The scorpion is severely wounded.
The scorpion misses you.
You shoot an arrow. The arrow hits the scorpion.
The scorpion is almost dead.
The scorpion misses you.
You shoot an arrow.
The arrow hits the scorpion but does no damage.
The scorpion is almost dead.
The scorpion completely misses you. x2
You shoot an arrow. The arrow hits the scorpion.
You kill the scorpion!
Your Fighting skill increases to level 3!
You shoot an arrow. The arrow barely misses the iguana.
The arrow completely misses the white imp.
The iguana bites you!
You shoot an arrow. The arrow hits the iguana!
The iguana is severely wounded.
You recover from your berserk rage.
The iguana bites you!
You shoot an arrow. The arrow closely misses the iguana.
The arrow hits the white imp.
The white imp is severely wounded.
The iguana misses you.
You shoot an arrow. The arrow hits the iguana.
You kill the iguana!
You shoot an arrow. The arrow barely misses the white imp.
The white imp gestures at you. The puff of frost hits you!
You die...

.. .. # .# ..
.###..# ##.....
#....### #......#
.#.########.### .#
.........@5...##.#.#
....#########......#
# #######.###.... #
#......l.# # #.#
#......l.#
#...#...5###.#
#....S.# ...
#.<..l.# .#...
#......# .###.#


You could see a white imp.

Vanquished Creatures
  A sky beast (D:3)
  An ogre (D:4)
  A bullfrog (D:4)
  2 scorpions
  A howler monkey (D:5)
  2 bombardier beetles
  A gnoll bouda (D:3)
  An orc priest (D:3)
  A sleepcap (D:4)
  5 iguanas
  Ijyb (D:3)
  Natasha (thrice) (D:3)
  7 adders
  8 gnolls
  A white imp (D:4)
  2 ribbon worms
  2 dart slugs
  4 orcs
  5 endoplasms
  4 giant cockroaches
  5 goblins
  7 hobgoblins
  3 quokkas
  8 ball pythons
  5 bats
  6 frilled lizards
  8 kobolds
  8 rats
103 creatures vanquished.

Notes
Turn   | Place    | Note
-------+----------+-------------------------------------------
     0 | D:1      | qw the Spriggan Hunter began the quest for the Orb.
     0 | D:1      | Reached XP level 1. HP: 10/10 MP: 2/2
     0 | D:1      | 0 ||| qw: Version: 0.3-a-155-g5e7d8dd
     0 | D:1      | 0 ||| qw: Game counter: 1392
     0 | D:1      | 0 ||| qw: Melee chars always use a shield: true
     0 | D:1      | 0 ||| qw: God list: Okawaru
     0 | D:1      | 0 ||| qw: Allow faded altars: false
     0 | D:1      | 0 ||| qw: Do Orc after clearing Dungeon:15 true
     0 | D:1      | 0 ||| qw: Do second Lair branch before Depths: true
     0 | D:1      | 0 ||| qw: Lair rune preference: random
     0 | D:1      | 0 ||| qw: Goals: Normal
     0 | D:1      | 0 ||| PLANNING D:1-11
    20 | D:1      | Reached skill level 3 in Dodging
   237 | D:1      | Reached XP level 2. HP: 14/14 MP: 3/3
   676 | D:1      | 676 ||| READING scroll labelled VEOLUD INGIR.
   676 | D:1      | 676 ||| IDENTIFYING smoky dark potion
   677 | D:1      | 677 ||| READING scroll labelled GOTAAS MIRRO.
   678 | D:1      | 678 ||| READING scroll labelled DACWEO VYDU.
   678 | D:1      | 678 ||| ENCHANTING +0 shortbow.
   679 | D:1      | 679 ||| READING 3 scrolls labelled PIURRE ZYBBEKH.
   679 | D:1      | 679 ||| ENCHANTING +0 shortbow.
   680 | D:1      | 680 ||| READING 2 scrolls of enchant weapon.
   680 | D:1      | 680 ||| ENCHANTING +1 shortbow.
   681 | D:1      | 681 ||| READING scroll of enchant weapon.
   681 | D:1      | 681 ||| ENCHANTING +2 shortbow.
   682 | D:1      | 682 ||| DRINKING 2 purple potions.
   683 | D:1      | 683 ||| DROPPING scroll of butterflies.
   684 | D:1      | 684 ||| DROPPING potion of brilliance.
   685 | D:1      | 685 ||| DROPPING potion of attraction.
   714 | D:2      | Reached XP level 3. HP: 16/18 MP: 4/4
   917 | D:2      | Reached skill level 5 in Ranged Weapons
   947 | D:2      | Reached XP level 4. HP: 22/22 MP: 5/5
  1124 | D:2      | 1124 ||| UPGRADING to amulet of faith.
  1129 | D:2      | 1129 ||| READING scroll of identify.
  1129 | D:2      | 1129 ||| IDENTIFYING fizzy brown potion
  1130 | D:2      | 1130 ||| READING scroll labelled LIDWIM KAOFE.
  1163 | D:3      | 1163 ||| FLEEEEING.
  1206 | D:3      | Found a shimmering blue altar of Sif Muna.
  1214 | D:3      | Identified the +0 short sword of Noon {heavy, rElec Will+
                  | Int+2 Stlth-}
  1234 | D:3      | Noticed Ijyb
  1235 | D:3      | 1235 ||| FLEEEEING.
  1236 | D:3      | 1236 ||| FLEEEEING.
  1238 | D:3      | 1238 ||| FLEEEEING.
  1239 | D:3      | 1239 ||| FLEEEEING.
  1241 | D:3      | 1241 ||| FLEEEEING.
  1242 | D:3      | 1242 ||| STAIRDANCE
  1333 | D:3      | Noticed Natasha
  1337 | D:3      | Killed Natasha
  1338 | D:3      | Reached XP level 5. HP: 26/26 MP: 6/6
  1384 | D:3      | Noticed Natasha
  1390 | D:3      | Killed Ijyb
  1394 | D:3      | Killed Natasha
  1593 | D:3      | Noticed Natasha
  1596 | D:3      | 1596 ||| FLEEEEING.
  1597 | D:3      | 1597 ||| FLEEEEING.
  1598 | D:3      | 1598 ||| FLEEEEING.
  1599 | D:3      | 1599 ||| FLEEEEING.
  1600 | D:3      | 1600 ||| FLEEEEING.
  1601 | D:3      | 1601 ||| FLEEEEING.
  1602 | D:3      | 1602 ||| FLEEEEING.
  1605 | D:3      | 1605 ||| FLEEEEING.
  1606 | D:3      | 1606 ||| FLEEEEING.
  1607 | D:3      | 1607 ||| FLEEEEING.
  1611 | D:3      | Killed Natasha
  1612 | D:3      | Reached skill level 6 in Ranged Weapons
  1612 | D:3      | Reached XP level 6. HP: 27/30 MP: 7/7
  1688 | D:3      | 1688 ||| UPGRADING to +0 cloak.
  1693 | D:3      | 1693 ||| READING 2 scrolls labelled VIDEIR JETWO.
  1694 | D:3      | 1694 ||| DROPPING scroll of amnesia.
  1721 | D:4      | Noticed a sky beast
  1722 | D:4      | 1722 ||| ZAPPING wand of mindburst (7) at 2,-1 (sky beast;
                  | floor).
  1723 | D:4      | 1723 ||| STAIRDANCE
  1725 | D:3      | 1725 ||| ZAPPING wand of mindburst (6) at -1,0 (sky beast;
                  | floor).
  1726 | D:3      | 1726 ||| ZAPPING wand of mindburst (5) at -1,0 (sky beast;
                  | floor).
  1726 | D:3      | Killed a sky beast
  1727 | D:3      | Reached skill level 6 in Dodging
  1729 | D:4      | 1729 ||| STAIRDANCE
  1745 | D:4      | 1745 ||| STAIRDANCE
  1753 | D:3      | HP: 3/30 [gnoll/+0 flail[a gnoll bouda] (11)]
  1754 | D:3      | 1754 ||| DRINKING potion of heal wounds.
  1801 | D:4      | 1801 ||| STAIRDANCE
  1879 | D:4      | Reached XP level 7. HP: 35/35 MP: 8/8
  1917 | D:4      | 1917 ||| FLEEEEING.
  1918 | D:4      | 1918 ||| FLEEEEING.
  1919 | D:4      | 1919 ||| FLEEEEING.
  1920 | D:4      | 1920 ||| FLEEEEING.
  1921 | D:4      | 1921 ||| FLEEEEING.
  1927 | D:4      | Reached skill level 7 in Ranged Weapons
  2061 | D:4      | 2061 ||| UPGRADING to ring of willpower.
  2062 | D:4      | 2062 ||| READING scroll labelled SOSCHA HIVIA.
  2337 | D:4      | 2337 ||| READING scroll of enchant weapon.
  2337 | D:4      | 2337 ||| ENCHANTING +3 shortbow.
  2380 | D:4      | 2380 ||| READING scroll labelled KEICWI FELLU.
  2381 | D:4      | 2381 ||| READING scroll labelled DEDOEPH QOYTTO.
  2388 | D:4      | 2388 ||| FLEEEEING.
  2389 | D:4      | 2389 ||| FLEEEEING.
  2390 | D:4      | 2390 ||| FLEEEEING.
  2391 | D:4      | 2391 ||| FLEEEEING.
  2392 | D:4      | 2392 ||| FLEEEEING.
  2393 | D:4      | 2393 ||| FLEEEEING.
  2394 | D:4      | 2394 ||| FLEEEEING.
  2410 | D:4      | 2410 ||| FLEEEEING.
  2411 | D:4      | 2411 ||| FLEEEEING.
  2412 | D:4      | 2412 ||| FLEEEEING.
  2458 | D:4      | Reached skill level 8 in Ranged Weapons
  2464 | D:4      | Identified the +8 quarterstaff "Recan" {freeze, rC- rN++}
  2479 | D:4      | You fall into a shaft and drop 1 floor!
  2479 | D:5      | Entered Level 5 of the Dungeon
  2490 | D:5      | 2490 ||| DRINKING 3 bubbling emerald potions.
  2491 | D:5      | 2491 ||| FLEEEEING.
  2492 | D:5      | 2492 ||| FLEEEEING.
  2493 | D:5      | 2493 ||| FLEEEEING.
  2494 | D:5      | 2494 ||| FLEEEEING.
  2495 | D:5      | 2495 ||| ZAPPING wand of mindburst (4) at 1,4 (howler
                  | monkey; floor).
  2496 | D:5      | 2496 ||| ZAPPING wand of mindburst (3) at 1,3 (howler
                  | monkey; floor).
  2497 | D:5      | 2497 ||| FLEEEEING.
  2498 | D:5      | 2498 ||| FLEEEEING.
  2499 | D:5      | 2499 ||| ZAPPING wand of mindburst (2) at 0,3 (iguana;
                  | floor).
  2500 | D:5      | 2500 ||| RETREEEEATING.
  2501 | D:5      | 2501 ||| RETREEEEATING.
  2502 | D:5      | 2502 ||| RETREEEEATING.
  2503 | D:5      | 2503 ||| RETREEEEATING.
  2504 | D:5      | 2504 ||| RETREEEEATING.
  2505 | D:5      | 2505 ||| RETREEEEATING.
  2506 | D:5      | 2506 ||| RETREEEEATING.
  2507 | D:5      | 2507 ||| ZAPPING wand of mindburst (1) at 1,1 (iguana;
                  | floor).
  2510 | D:5      | 2510 ||| RETREEEEATING.
  2511 | D:5      | 2511 ||| RETREEEEATING.
  2512 | D:5      | 2512 ||| RETREEEEATING.
  2513 | D:5      | 2513 ||| RETREEEEATING.
  2532 | D:5      | Reached skill level 3 in Fighting
  2533 | D:5      | HP: 2/36 [iguana (13)]
  2536 | D:5      | Killed from afar by a white imp

Levels and vault maps discovered:
D:1:      dpeg_arrival_ratfight, layout_loops_ring
D:2:      layout_rooms, minmay_misc_feat_plants, minmay_pentomino_u2
D:3:      layout_rooms, mainiacjoe_overflow_tiny_flanked, uniq_ijyb,
          uniq_natasha
D:4:      minmay_chambers_of_fours, layout_rooms, serial_glass, glass_columns_b,
          glass_columns_a, item_on_display_a, feat_on_display, feat_on_display,
          minmay_starry_boxes
D:5:      layout_rooms, zin_treasury, ebering_ghost_sewer_f,
          minmay_shop_enchanted_jewellery, nicolae_letterblocks
          [nicolae_letter_subblock, nicolae_letter_subblock,
          nicolae_letter_subblock, nicolae_letter_subblock,
          nicolae_letter_subblock, nicolae_letter_subblock,
          nicolae_letter_subblock, nicolae_letter_subblock,
          nicolae_letter_subblock, nicolae_letter_subblock,
          nicolae_letter_subblock, nicolae_letter_subblock,
          nicolae_letter_subblock, nicolae_letter_subblock,
          nicolae_letter_subblock, nicolae_letter_subblock,
          nicolae_letter_subblock, nicolae_letter_subblock,
          nicolae_letter_subblock, nicolae_letter_subblock,
          nicolae_letter_subblock, nicolae_letter_subblock,
          nicolae_letter_subblock, nicolae_letter_subblock,
          nicolae_letter_subblock], uniq_crazy_yiuf_cottage, uniq_pikel

Skill      XL: |  1  2  3  4  5  6  7 |
---------------+----------------------+-----
Dodging        | 3 4 5 6 7 |  7.2
Ranged Weapons | 5 6 8 |  8.0
Fighting       | 2 3 |  3.1
Stealth        | |  1.5

Action                     |  1- 3 |  4- 6 |  7- 9 || total
---------------------------+-------+-------+-------++-------
   Fire: Shortbow          |    89 |    92 |   108 ||   289
  Evoke: Wand              |       |     3 |     4 ||     7
    Use: Scroll            |     6 |     3 |     4 ||    13
         Potion            |     1 |     1 |     1 ||     3
 Armour: Robe              |     7 |     7 |    19 ||    33
  Dodge: Dodged            |    26 |    29 |    53 ||   108

Table legend:
 A = Non-vault XP
 B = Vault XP
 C = Vault XP percentage of total XP
 D = Non-vault monster count
 E = Vault monster count
 F = Vault count percentage of total count
                 A         B        C        D         E       F
            +---------+---------+-------+---------+---------+-------
      Total |    1121 |     298 |  21.0 |      82 |      21 |  20.4
            +---------+---------+-------+---------+---------+-------
        D:1 |      34 |       5 |  12.8 |      23 |       5 |  17.9
        D:2 |      72 |      15 |  17.2 |      14 |       2 |  12.5
        D:3 |     404 |      72 |  15.1 |      24 |       2 |   7.7
        D:4 |     390 |     206 |  34.6 |      15 |      12 |  44.4
        D:5 |     221 |       0 |   0.0 |       6 |       0 |   0.0
            +---------+---------+-------+---------+---------+-------
